 Dungeon Crawl Stone Soup version 0.30-a0-374-g95c0257040 (webtiles) character file.

Game seed: 901316322134678246

5216 bande the Cleaver (level 10, 0/63 HPs)
             Began as a Gargoyle Fighter on Nov 26, 2022.
             Was a Follower of Okawaru.
             Slain by a two-headed ogre
             ... wielding a +0 giant spiked club
              (12 damage)
             ... on level 8 of the Dungeon.
             The game lasted 00:15:12 (6914 turns).

bande the Cleaver (Gargoyle Fighter)                Turns: 6914, Time: 00:15:13

Health: 0/63       AC: 29    Str: 23    XL:     10   Next: 61%
Magic:  11/11      EV:  5    Int:  9    God:    Okawaru [*.....]
Gold:   401        SH: 11    Dex: 17    Spells: 9/9 levels left

rFire   + . .      SeeInvis .    a - +1 war axe (flame)
rCold   . . .      Faith    .    m - +0 kite shield of Mankoeda {Str+3 Dex+4}
rNeg    + . .      Spirit   .    g - +0 plate armour
rPois   ∞          Reflect  .    q - +0 helmet
rElec   +          Harm     .    n - +1 cloak
rCorr   .          Rampage  .    r - +0 pair of gloves
Will    .....                    (no boots)
Stlth   ..........               (no amulet)
HPRegen 0.30/turn                l - +4 ring of protection
MPRegen 0.12/turn                s - ring of protection from fire

@: no status effects
A: sickness immunity, AC +7, negative energy resistance 1, electricity
resistance, torment resistance 1, petrification resistance
a: Renounce Religion, Heroism


You were on level 8 of the Dungeon.
You worshipped Okawaru.
Okawaru was aware of your devotion.
You visited 2 branches of the dungeon, and saw 9 of its levels.

You collected 401 gold pieces.

Inventory:

Hand Weapons
 a - a +1 war axe of flaming (weapon)
Armour
 g - a +0 plate armour (worn)
 m - the +0 kite shield of Mankoeda (worn) {Str+3 Dex+4}
   (You found it on level 2 of the Dungeon)

   Str:       It affects your strength (+3).
   Dex:       It affects your dexterity (+4).
 n - a +1 cloak (worn)
 q - a +0 helmet (worn)
 r - a +0 pair of gloves (worn)
 y - the +0 pair of gloves of Hiqe {rElec rF+++ Will- Str-4}
   (You found it on level 7 of the Dungeon)

   Str:       It affects your strength (-4).
   rF:        It renders you almost immune to fire.
   rElec:     It insulates you from electricity.
   Will:      It decreases your willpower.
Jewellery
 c - a ring of positive energy
 e - a ring of magical power
 h - a +6 ring of intelligence
 l - a +4 ring of protection (left hand)
 s - a ring of protection from fire (right hand)
 t - a ring of fire
 x - a +6 ring of intelligence
Wands
 z - a wand of digging (6)
 A - a wand of flame (4)
 B - a wand of polymorph (7)
Scrolls
 f - 3 scrolls of butterflies
 p - 3 scrolls of amnesia
 w - a scroll of enchant weapon
 C - a scroll of magic mapping
Potions
 b - a potion of berserk rage
 d - a potion of might
 i - a potion of brilliance
 j - a potion of heal wounds
 k - 5 potions of flight
 o - a potion of lignification {unknown}
 u - 2 potions of ambrosia
 v - a potion of curing {unknown}


   Skills:
 + Level 7.3 Fighting
 + Level 10.0 Axes
 + Level 7.0 Armour
 + Level 8.2 Shields
 * Level 2.1 Invocations
 * Level 1.6 Evocations


You had 9 spell levels left.
You didn't know any spells.
Your spell library contained the following spells:

 Spells                   Type           Power      Damage    Failure   Level
 Magic Dart               Conj           0%         1d3       100%        1
 Blink                    Tloc           0%         N/A       100%        2
 Momentum Strike          Conj/Tloc      0%         3d8       100%        2
 Searing Ray              Conj           0%         2d4       100%        2
 Static Discharge         Conj/Air       0%         2-2/arc   100%        2
 Dazzling Flash           Conj/Hex       0%         N/A       100%        3
 Kindle Blastsparks       Fire/Tloc/Air  0%         2d10      100%        3
 Lesser Beckoning         Tloc           0%         N/A       100%        3
 Mephitic Cloud           Conj/Pois/Air  0%         N/A       100%        3
 Portal Projectile        Hex/Tloc       0%         N/A       100%        3
 Vhi's Electric Charge    Tloc/Air       0%         N/A       100%        3
 Fulminant Prism          Conj/Hex       0%         3d5       100%        4
 Iskenderun's Mystic Bla  Conj/Tloc      0%         2d3       100%        4
 Leda's Liquefaction      Hex/Erth       0%         N/A       100%        4
 Petrify                  Tmut/Erth      0%         N/A       100%        4
 Agony                    Necr           0%         N/A       100%        5
 Arcjolt                  Conj/Air       0%         1d10      100%        5
 Lee's Rapid Deconstruct  Erth           0%         3d4*      100%        5
 Lightning Bolt           Conj/Air       0%         1d11      100%        5
 Metabolic Englaciation   Hex/Ice        0%         N/A       100%        5
 Silence                  Hex/Air        0%         N/A       100%        5
 Call Imp                 Summ           Unusable   N/A       N/A         2
 Call Canine Familiar     Summ           Unusable   N/A       N/A         3
 Statue Form              Tmut/Erth      Unusable   N/A       N/A         6

Dungeon Overview and Level Annotations

Branches:
Dungeon (8/15)             Temple (1/1) D:7
   Lair: D:8-11

Altars:
Dithmenos
Elyvilon
Fedhas
Gozag
Hepliaklqana
Kikubaaqudgha
Makhleb
Nemelex Xobeh
Okawaru
Qazlal
Ru
Sif Muna
Trog
Uskayaw
Vehumet
Wu Jian
Xom
Yredelemnul
Zin
The Shining One
Jiyva

Shops:
D:5 *


Innate Abilities, Weirdness & Mutations

You are immune to sickness and miasma.
Your stone body is resilient. (AC +7)
You are immune to poison.
You resist negative energy. (rN+)
You are resistant to electric shocks. (rElec)
You are resistant to unholy torment.
You are immune to petrification.


Message History

The two-headed ogre shouts in stereo!
An orc comes into view. It is wielding a +0 flail.
There are monsters nearby!
An orc comes into view. It is wielding a +0 club.
Found a stone staircase leading down and a stone staircase leading up.
The orc shouts!
An orc wizard comes into view. It is wielding a +0 dagger.
The orc wizard shouts!
You hit the two-headed ogre. You burn the two-headed ogre.
The two-headed ogre is lightly wounded.
You block the two-headed ogre's attack.
The two-headed ogre hits you but does no damage.
You slash the two-headed ogre! You burn the two-headed ogre.
The two-headed ogre is moderately wounded.
The two-headed ogre hits you with a +0 giant spiked club!!
The two-headed ogre hits you but does no damage.
You hit the two-headed ogre but do no damage.
The two-headed ogre is moderately wounded.
The orc wizard mumbles some strange words.
The orc wizard flickers and vanishes!
Deactivating autopickup; reactivate with Ctrl-A.
You block the two-headed ogre's attack.
The two-headed ogre hits you with a +0 giant club!
You hit the two-headed ogre. You burn the two-headed ogre.
The two-headed ogre is moderately wounded.
You block the two-headed ogre's attack.
The two-headed ogre hits you with a +0 giant club.
Unknown command.
You slash the two-headed ogre! You burn the two-headed ogre.
The two-headed ogre is heavily wounded.
You hit the two-headed ogre. You burn the two-headed ogre.
The two-headed ogre is severely wounded.
The two-headed ogre hits you but does no damage. x2
Unknown command.
You hit the two-headed ogre. You burn the two-headed ogre.
The two-headed ogre is severely wounded.
The two-headed ogre hits you with a +0 giant spiked club!
* * * LOW HITPOINT WARNING * * *
The two-headed ogre hits you with a +0 giant club!
You die...

##......... #)..
.......... #)## ..#.......
#.# #..# #...# ###.# #..#
#...# #...# #..# #.{o#
#.### #..# ##o## #.# #..#
#O# #.#
#####..#####@###########.#
#........................#
#.###.....#..###########.#
#.# #..##.#.## #.# #.#
#...#.#)# ##.## #.#
#...#.#)## #...###
####.###........## #......
#..........#.....###
#......
#.##.#####.........#
#######


You could see a two-headed ogre and 2 orcs.

Vanquished Creatures
  Pikel (D:6)
  The ghost of Groverdextrious the Chopper, an amateur HOFi (D:3)
  A troll (D:7)
  A wraith (D:7)
  2 water moccasins
  2 orc warriors
  3 sky beasts
  A black bear (D:6)
  3 ice beasts
  2 ogres (D:4)
  4 centaurs
  3 lemures (D:6)
  A phantom (D:5)
  A kobold brigand (D:8)
  2 bullfrogs
  A gnoll sergeant (D:4)
  2 necrophages
  4 scorpions
  7 wights
  12 killer bees
  3 orc priests
  6 hounds
  Crazy Yiuf (D:3)
  6 jellies
  3 iguanas
  10 orc wizards
  Robin (D:3)
  3 gnolls
  11 adders
  A shadow imp (D:5)
  2 white imps
  2 ufetubi (D:6)
  A worm (D:5)
  2 dart slugs
  31 orcs
  5 bats
  8 endoplasms
  4 giant cockroaches
  18 goblins
  9 hobgoblins
  2 jackals (D:1)
  9 kobolds
  4 quokkas
  10 ball pythons
  3 frilled lizards
  10 rats
219 creatures vanquished.

Vanquished Creatures (others)
  2 fungi (D:5)
2 creatures vanquished.

Grand Total: 221 creatures vanquished

Notes
Turn   | Place    | Note
-------+----------+-------------------------------------------
     0 | D:1      | bande the Gargoyle Fighter began the quest for the Orb.
     0 | D:1      | Reached XP level 1. HP: 14/14 MP: 1/1
    68 | D:1      | Reached XP level 2. HP: 15/19 MP: 2/2
   148 | D:1      | Reached skill level 2 in Axes
   291 | D:1      | Reached XP level 3. HP: 19/24 MP: 3/3
   677 | D:2      | Reached XP level 4. HP: 29/29 MP: 4/4
   838 | D:2      | Identified the +0 kite shield of Mankoeda {Str+3 Dex+4}
  1144 | D:3      | Reached skill level 3 in Axes
  1198 | D:3      | Noticed Robin
  1275 | D:3      | Reached XP level 5. HP: 29/33 MP: 5/5
  1287 | D:3      | Killed Robin
  1321 | D:3      | Found a runed translucent door.
  1322 | D:3      | Noticed Groverdextrious's ghost (amateur HOFi)
  1734 | D:3      | Found a runed translucent door.
  1735 | D:3      | Noticed Crazy Yiuf
  1766 | D:3      | Found a faded altar of an unknown god.
  1805 | D:3      | Found a white marble altar of Elyvilon.
  1805 | D:3      | Found a blossoming altar of Fedhas.
  1866 | D:3      | Killed Groverdextrious's ghost
  1867 | D:3      | Reached skill level 4 in Axes
  1867 | D:3      | Reached XP level 6. HP: 13/39 MP: 6/6
  2124 | D:3      | Killed Crazy Yiuf
  2236 | D:4      | Reached XP level 7. HP: 43/44 MP: 7/7
  2337 | D:4      | Reached skill level 5 in Axes
  2901 | D:4      | Reached skill level 5 in Armour
  2990 | D:5      | Entered Level 5 of the Dungeon
  3007 | D:4      | Reached skill level 5 in Shields
  3355 | D:5      | Found a sacrificial altar of Ru.
  3410 | D:5      | Reached skill level 5 in Fighting
  3410 | D:5      | Reached skill level 6 in Axes
  3410 | D:5      | Reached XP level 8. HP: 39/49 MP: 8/8
  3774 | D:5      | Found Ucycaczu's Assorted Antiques.
  3786 | D:5      | Found a hazy altar of Hepliaklqana.
  3793 | D:5      | Reached skill level 7 in Axes
  3854 | D:5      | Found a shadowy altar of Dithmenos.
  3854 | D:5      | Found a glowing golden altar of the Shining One.
  3858 | D:5      | Found a shimmering blue altar of Sif Muna.
  3910 | D:5      | Found a bloodstained altar of Trog.
  4298 | D:6      | Reached XP level 9. HP: 55/55 MP: 9/9
  4548 | D:6      | Reached skill level 8 in Axes
  5253 | D:6      | Noticed Pikel
  5266 | D:6      | Killed Pikel
  5468 | D:7      | Identified the +0 pair of gloves of Hiqe {rElec rF+++ Will-
                  | Str-4}
  5522 | D:7      | Noticed a troll
  5534 | D:7      | Killed a troll
  5535 | D:7      | Reached skill level 9 in Axes
  5668 | D:7      | Reached XP level 10. HP: 33/61 MP: 10/10
  5941 | D:7      | Identified the +3 ring mail of Hedge Wizardry {Rampage
                  | Slay+4}
  5990 | D:7      | Found a staircase to the Ecumenical Temple.
  6007 | Temple   | Entered the Ecumenical Temple
  6028 | Temple   | Became a worshipper of Warmaster Okawaru
  6117 | D:8      | Found a viscous altar of Jiyva.
  6349 | D:8      | Reached skill level 1 in Invocations
  6400 | D:8      | Reached skill level 1 in Evocations
  6564 | D:8      | Reached * piety under Okawaru
  6589 | D:8      | Reached skill level 10 in Axes
  6899 | D:8      | Noticed a two-headed ogre
  6914 | D:8      | Slain by a two-headed ogre

Illustrated notes

Levels and vault maps discovered:
D:1:      lemuel_arrival_lava_pool, layout_rooms, minmay_misc_feat_five
D:2:      layout_basic
D:3:      layout_loops_cross, gammafunk_temple_overflow_elements,
          hellmonk_ecumenical_altar_inner_sanctum,
          hellmonk_ghost_happy_afterlife, uniq_crazy_yiuf_cottage, uniq_robin
D:4:      layout_loops_ring
D:5:      wander_river, layout_basic, trog_butcher_becter,
          mainiacjoe_overflow_boulevard, grunt_temple_overflow_open,
          serial_shops, nicolae_shop_stone, serial_curves, eino_curves_02,
          eino_curves_01, minmay_increasing_density
D:6:      layout_basic, uniq_pikel
D:7:      layout_rooms, temple_pool_b, minmay_chambers_of_fives
D:8:      layout_loops_ring, jiyva_altar_1
Temple:   hellmonk_temple_two_chambers

Skill      XL: |  1  2  3  4  5  6  7  8  9 10 |
---------------+-------------------------------+-----
Axes           | 2 3 4 6 7 9 10 | 10.0
Shields        | 4 5 7 8 |  8.2
Fighting       | 4 5 6 7 |  7.3
Armour         | 4 5 6 7 |  7.0
Invocations    | 2 |  2.1
Evocations     | 1 |  1.6

Action                   |  1- 3 |  4- 6 |  7- 9 | 10-12 || total
-------------------------+-------+-------+-------+-------++-------
Melee: War axe           |    85 |   123 |   335 |   181 ||   724
  Use: Scroll            |       |     8 |     7 |     3 ||    18
       Potion            |       |       |       |     1 ||     1
Armor: Scale mail        |     4 |       |       |       ||     4
       Plate armour      |    41 |    97 |   252 |   115 ||   505
Dodge: Dodged            |    28 |    30 |    60 |    35 ||   153
Block: Buckler           |    20 |     2 |       |       ||    22
       Kite shield       |       |    63 |   212 |   120 ||   395

Table legend: (Time is in decaauts)
 A = Elapsed time spent in this place.
 B = Non-inter-level travel time spent in this place.
 C = Inter-level travel time spent in this place.
 D = Time resting spent in this place.
 E = Time spent auto-exploring this place.
 F = Levels seen in this place.
 G = Mean time per level.
                   A        B        C        D        E       F      G
               +--------+--------+--------+--------+--------+-----+--------+
         Total |   7173 |   7060 |    113 |   1084 |   4068 |   9 |  797.0 |
       Dungeon |   7134 |   7021 |    113 |   1084 |   4061 |   8 |  891.8 |
        Temple |     38 |     38 |      0 |      0 |      7 |   1 |   38.0 |
               +--------+--------+--------+--------+--------+-----+--------+

Top non-repeatable levels by time:
     D:6: 1206 daAuts
     D:4: 1166 daAuts
     D:3: 1095 daAuts
     D:5: 994 daAuts
     D:8: 835 daAuts
     D:2: 679 daAuts
     D:7: 628 daAuts
     D:1: 527 daAuts
  Temple: 38 daAuts
